 Dungeon Crawl Stone Soup version 0.31-a0-844-gdc52ec4e09 (webtiles) character file.

Game seed: 8840513121143717690

1072 hikkokomori the Trooper (level 8, -12/52 HPs)
             Began as a Gargoyle Fighter on Sept 29, 2023.
             Killed from afar by Maggie (46 damage)
             ... with a bolt of fire
             ... on level 6 of the Dungeon.
             The game lasted 00:11:21 (3726 turns).

hikkokomori the Trooper (Gargoyle Fighter)          Turns: 3726, Time: 00:11:22

Health: -12/52     AC: 22    Str: 26    XL:     8   Next: 28%
Magic:  12/12      EV:  6    Int: 11    God:
Gold:   254        SH:  4    Dex:  9    Spells: 8/13 levels left

rFire   x . .        q - +2 hand axe (flame)
rCold   + . .        c - +0 buckler
rNeg    + + +        w - +0 plate armour
rPois   ∞            o - +0 helmet
rElec   +            (no cloak)
rCorr   .            (no gloves)
SInv    .            (no boots)
Will    .....        k - amulet "Niazaono" {rF- rC+ rN++ Regen+} Stlth
                     i - +6 ring of strength
HPRegen 1.08/turn    x - +4 ring of protection
MPRegen 0.13/turn

%: no passive effects
@: mesmerised
A: sickness immunity, AC +5, negative energy resistance 1, electricity
resistance, torment resistance 1, petrification resistance
a: no special abilities


You were on level 6 of the Dungeon.
You visited 1 branch of the dungeon, and saw 6 of its levels.

You collected 400 gold pieces.
You spent 146 gold pieces at shops.

Inventory:

Hand Weapons
 a - a +0 war axe
 q - a +2 hand axe of flaming (weapon)
Missiles
 e - a throwing net
Armour
 b - a +0 scale mail
 c - a +0 buckler (worn)
 o - a +0 helmet (worn)
 w - a +0 plate armour (worn)
Jewellery
 i - a +6 ring of strength (left hand)
 k - the amulet "Niazaono" (around neck) {rF- rC+ rN++ Regen+}
   (You found it on level 2 of the Dungeon)

   [amulet of regeneration]

   rF-:       It makes you vulnerable to fire.
   rC+:       It protects you from cold.
   rN++:      It greatly protects you from negative energy.
   Regen+:    It increases your rate of health regeneration.
 u - a ring of magical power
 x - a +4 ring of protection (right hand)
Wands
 d - a wand of acid (3)
 s - a wand of flame (36)
Scrolls
 j - a scroll of poison
 l - a scroll of torment
 m - a scroll of fear
 r - a scroll of vulnerability {unknown}
 t - a scroll of fog {unknown}
 v - a scroll of silence {unknown}
 y - a scroll of teleportation {unknown}
 A - a scroll of noise {unknown}
 B - a scroll of enchant weapon {unknown}
Potions
 f - a potion of heal wounds {unknown}
 g - 2 potions of brilliance
 h - 2 potions of degeneration
 n - 2 potions of curing
 p - 2 potions of attraction
 z - a potion of might
 C - a potion of mutation {unknown}
 D - a potion of magic {unknown}


   Skills:
 + Level 6.5 Fighting
 + Level 4.8 Axes
 - Level 1.6 Throwing
 - Level 4.2 Armour
 - Level 4.2 Shields
 + Level 3.2 Spellcasting
 + Level 1.0 Necromancy
 + Level 1.6 Earth Magic


You had 8 spell levels left.
You knew the following spells:

 Your Spells              Type           Power      Damage    Failure   Level
a - Borgnjor's Vile Clut  Necr/Erth      2%         N/A       100%        5

Your spell library contained the following spells:

 Spells                   Type           Power      Damage    Failure   Level
 Passwall                 Tmut/Erth      2%         N/A       99%         2
 Ensorcelled Hibernation  Hex/Ice        2%         N/A       100%        2
 Swiftness                Air            1%         N/A       100%        3
 Dispel Undead            Necr           4%         3d7       100%        4
 Death Channel            Necr           2%         N/A       100%        6
 Cigotuvi's Dreadful Rot  Necr/Pois/Air  Unusable   N/A       N/A         2

Dungeon Overview and Level Annotations

Branches:
Dungeon (6/15)
 Temple: D:4-7

Altars:
Elyvilon
Hepliaklqana
Ru
Sif Muna
The Shining One

Shops:
D:1 [   D:3 *   D:4 =   D:5 [:

Annotations:
D:6 Maggie


Innate Abilities, Weirdness & Mutations

You are immune to sickness and miasma.
Your stone body is resilient. (AC +5)
You are immune to poison.
You resist negative energy. (rN+)
You are resistant to electric shocks. (rElec)
You are resistant to unholy torment.
You are immune to petrification.


Message History

There is a stone staircase leading down here.
You climb downwards.
There is a stone staircase leading up here.
You pick up a book of Burglary and begin reading...
You add the spells Passwall, Ensorcelled Hibernation and Swiftness to your library.
Found a robe.
Found a helmet.
Found a stone staircase leading down.
Maggie the Vainglorious comes into view.
She is wielding a +2 scimitar of freezing.
Maggie shouts!
Maggie is nearby!
You start waiting.
Maggie is nearby!
You block Maggie's attack.
You hit Maggie but do no damage. Maggie barely misses you.
Maggie hits you but does no damage.
You barely miss Maggie.
Maggie hits you with a +2 scimitar of freezing!
Maggie freezes you.
You hit Maggie but do no damage. Maggie hits you but does no damage.
Aiming: Corrosive Bolt
Press: ? - help, Shift-Dir - straight line, f - Maggie
Aim: Maggie, wielding a +2 scimitar of freezing and wearing +0 swamp dragon scales (75% to hit)
The bolt of acid hits Maggie.
Maggie is lightly wounded.
Maggie hits you with a +2 scimitar of freezing.
You hit Maggie but do no damage.
Maggie is lightly wounded.
Maggie mumbles some strange words.
Maggie attempts to bespell you! You resist with some effort.
You closely miss Maggie.
Maggie is lightly wounded.
Maggie casts a spell.
Maggie attempts to bespell you!
You are mesmerised by Maggie!
You hit Maggie but do no damage.
Maggie is lightly wounded.
Maggie points at you and mumbles some strange words.
The bolt of fire hits you!!! The fire burns you terribly!
Ouch! That really hurt!
You die...

#.#.........#
#.########..#
#.# #..# #.#
#..# #.#
###..#
####....#
......#..#
####..#..#
######..#@.#
........@..#
....##.[##.#
. ..>... ...
.[.###.######
... ... ..
:#. # #. . ##
##


You could see Maggie (mesmerising).

Vanquished Creatures
  Grinder (D:3)
  Eustachio (D:4)
  Duvessa (D:4)
  An ice beast (D:5)
  A scorpion (D:5)
  Dowan (D:4)
  A howler monkey (D:5)
  3 orc priests
  2 sleepcaps
  Ijyb (D:4)
  An iguana (D:5)
  Robin (D:4)
  10 adders
  2 white imps (D:5)
  An ufetubus (D:5)
  2 worms
  A dart slug (D:1)
  11 orcs
  5 bats
  10 endoplasms
  3 giant cockroaches (D:1)
  8 goblins
  8 hobgoblins
  6 jackals
  2 kobolds
  A quokka (D:5)
  7 ball pythons
  3 frilled lizards (D:1)
  9 rats
104 creatures vanquished.

Vanquished Creatures (others)
  A hobgoblin (D:4)
  A quokka (D:4)
2 creatures vanquished.

Grand Total: 106 creatures vanquished

Notes
Turn   | Place    | Note
-------+----------+-------------------------------------------
     0 | D:1      | hikkokomori the Gargoyle Fighter began the quest for the
                  | Orb.
     0 | D:1      | Reached XP level 1. HP: 14/14 MP: 1/1
    43 | D:1      | Reached XP level 2. HP: 19/19 MP: 2/2
   298 | D:1      | Reached skill level 1 in Throwing
   332 | D:1      | Found Hieb's Armour Shop.
   380 | D:1      | Reached XP level 3. HP: 24/24 MP: 3/3
   798 | D:2      | Identified the amulet "Niazaono" {rF- rC+ rN++ Regen+}
   826 | D:2      | Reached skill level 4 in Fighting
   852 | D:2      | Reached XP level 4. HP: 28/29 MP: 4/4
  1354 | D:3      | Found a hazy altar of Hepliaklqana.
  1508 | D:3      | Found Qaron's General Store.
  1519 | D:3      | Bought a scroll of identify for 26 gold pieces
  1646 | D:3      | Reached XP level 5. HP: 25/34 MP: 5/5
  1750 | D:3      | Noticed Grinder
  1771 | D:3      | Paralysed by Grinder for 4 turns
  1775 | D:3      | Killed Grinder
  1776 | D:3      | Reached XP level 6. HP: 34/40 MP: 6/6
  1796 | D:3      | Reached skill level 5 in Fighting
  2332 | D:4      | Noticed Ijyb
  2343 | D:4      | Noticed Robin
  2370 | D:4      | Found a shimmering blue altar of Sif Muna.
  2370 | D:4      | Found a glowing golden altar of the Shining One.
  2374 | D:4      | Killed Ijyb
  2384 | D:4      | Killed Robin
  2385 | D:4      | Reached skill level 1 in Spellcasting
  2395 | D:4      | Found a white marble altar of Elyvilon.
  2491 | D:4      | Noticed Duvessa
  2499 | D:4      | Noticed Dowan
  2521 | D:4      | Killed Duvessa
  2522 | D:4      | Reached XP level 7. HP: 21/44 MP: 7/9
  2525 | D:4      | Killed Dowan
  2628 | D:4      | Noticed Eustachio
  2643 | D:4      | Killed Eustachio
  2760 | D:4      | Identified the +0 mace "Ysteogg" {holy, rC+ Will+ Dex+3}
  2784 | D:4      | Found Wickav's Jewellery Shoppe.
  2845 | D:5      | Entered Level 5 of the Dungeon
  2911 | D:5      | Found a sacrificial altar of Ru.
  2936 | D:5      | Reached skill level 6 in Fighting
  3025 | D:5      | Found Tithran's Self-Published Books.
  3190 | D:5      | Bought the Elucidation of Modern Magic, Vol. 21 for 120
                  | gold pieces
  3198 | D:5      | Learned a level 5 spell: Borgnjor's Vile Clutch
  3228 | D:5      | Reached XP level 8. HP: 52/52 MP: 12/12
  3266 | D:5      | Reached skill level 1 in Earth Magic
  3592 | D:5      | Found Pueh's Antique Armour Shoppe.
  3621 | D:5      | Reached skill level 1 in Necromancy
  3710 | D:6      | Noticed Maggie
  3726 | D:6      | Killed from afar by Maggie

Illustrated notes

Levels and vault maps discovered:
D:1:      dpeg_arrival_stonehenge_8_columns, layout_basic, serial_shops, shop,
          nrook_loot_triangle
D:2:      layout_rooms, serial_corexii_hall, chequers_hall_statues_wall_a,
          chequers_hall_statues_wall_a, corexii_hall_statues_x,
          chequers_hall_statues_corner_a
D:3:      layout_basic, lemuel_round_altar, serial_shops, shop,
          kennysheep_minor_cross, minmay_misc_feat_roman, uniq_grinder
D:4:      layout_cave_pools, elyvilon_altar_4, grunt_temple_overflow_open,
          serial_shops, nicolae_shop_rolling_square, uniq_ijyb, uniq_eustachio,
          uniq_duvessa, uniq_robin
D:5:      layout_basic, nicolae_ru_sacrificial_ziggurat, serial_shops,
          nicolae_shop_temple_entry_statues_fountains, nicolae_custom_books,
          dreamdust_mushroom_princess
D:6:      layout_loops_ring, minmay_misc_feat_four_crosses,
          minmay_fractal_squares_5, uniq_maggie, uniq_pikel

Skill      XL: |  1  2  3  4  5  6  7  8 |
---------------+-------------------------+-----
Axes           | 2 3 4 |  4.8
Throwing       | 1 |  1.6
Fighting       | 4 5 6 |  6.5
Armour         | 4 |  4.2
Shields        | 4 |  4.2
Spellcasting   | 1 3 |  3.2
Earth Magic    | 1 |  1.6
Necromancy     | 1 |  1.0

Action                     |  1- 3 |  4- 6 |  7- 9 || total
---------------------------+-------+-------+-------++-------
  Melee: War axe           |    92 |    63 |       ||   155
         Hand axe          |       |    56 |   119 ||   175
  Throw: Throwing net      |       |     2 |       ||     2
  Evoke: Wand              |       |     2 |     1 ||     3
    Use: Scroll            |       |     6 |     1 ||     7
         Potion            |       |     2 |       ||     2
   Stab: Held in net/web   |       |     1 |       ||     1
 Armour: Scale mail        |    76 |    53 |       ||   129
         Plate armour      |       |    40 |   124 ||   164
  Dodge: Dodged            |    45 |    52 |    30 ||   127
  Block: Buckler           |    18 |    25 |    44 ||    87

Table legend: (Time is in decaauts)
 A = Elapsed time spent in this place.
 B = Non-inter-level travel time spent in this place.
 C = Inter-level travel time spent in this place.
 D = Time resting spent in this place.
 E = Time spent auto-exploring this place.
 F = Levels seen in this place.
 G = Mean time per level.
                   A        B        C        D        E       F      G
               +--------+--------+--------+--------+--------+-----+--------+
         Total |   3810 |   3647 |    163 |    111 |   2569 |   6 |  635.0 |
       Dungeon |   3810 |   3647 |    163 |    111 |   2569 |   6 |  635.0 |
               +--------+--------+--------+--------+--------+-----+--------+

Top non-repeatable levels by time:
     D:3: 1017 daAuts
     D:1: 805 daAuts
     D:5: 722 daAuts
     D:4: 662 daAuts
     D:2: 561 daAuts
     D:6: 41 daAuts
